 Dungeon Sprint DCSS version 0.21-a0-94-gdd6ab6a (webtiles) character file.

6323 Kidiri the Unseen (level 10, -5/53 HPs)
             Began as a Spriggan Enchanter on July 1, 2017.
             Was a Believer of Dithmenos.
             Slain by a tentacle (13 damage)
             ... attached to a kraken
             ... in the Dungeon (Sprint II: "The Violet Keep of Menkaure").
             The game lasted 00:12:31 (2742 turns).

Kidiri the Unseen (Spriggan Enchanter)              Turns: 2742, Time: 00:12:31

Health: -5/53      AC:  2    Str:  3 (4)  XL:     10   Next: 64%
Magic:  4/27       EV: 33    Int: 16 (18) God:    Dithmenos [**....]
Gold:   525        SH:  0    Dex: 23      Spells: 22/34 levels left

rFire    . . .     SeeInvis +   a - +1 dagger
rCold    . . .     Gourm    .   (shield restricted)
rNeg     + . .     Faith    .   b - +0 robe
rPois    .         Spirit   .   (helmet restricted)
rElec    .         Reflect  .   (no cloak)
rCorr    .         Harm     .   (gloves unavailable)
MR       +....     NoTele   +   (boots unavailable)
Stlth    +++++++++.             (no amulet)
HPRegen  0.17/turn              e - ring "Quim" {rN+ Dex+6}
MPRegen  0.20/turn              f - ring of stealth

@: very slightly contaminated, wreathed by umbra, very quick
A: unfitting armour, see invisible, clumsy 1, deterioration 1, herbivore 3,
speed 3, slow metabolism 2
a: Shadow Step, Renounce Religion


You were in the Dungeon.
You worshipped Dithmenos.
Dithmenos was pleased with you.
You were not hungry.

You visited 1 branch You collected 1350 gold pieces.
You spent 825 gold pieces at shops.

Inventory:

Hand Weapons
 a - a +1 dagger (weapon)
Armour
 b - a +0 robe (worn)
Jewellery
 e - the ring "Quim" (left hand) {rN+ Dex+6}
   (You bought it in a shop in the Dungeon)

   [ring of positive energy]

   It affects your dexterity (+6).
   It protects you from negative energy.
 f - a ring of stealth (right hand)
 i - an uncursed ring of flight
Scrolls
 j - a scroll of blinking
 q - 2 scrolls of enchant armour {unknown}
 r - 5 scrolls of remove curse {unknown}
 u - a scroll of amnesia {unknown}
 v - 3 scrolls of recharging {unknown}
 x - a scroll of random uselessness
 y - a scroll of fear {unknown}
Potions
 g - a potion of haste
 h - 6 potions of magic
 k - a potion of might
 m - 3 potions of resistance
 p - 2 potions of heal wounds
 s - 4 potions of flight {unknown}
 t - 4 potions of curing
 A - a potion of brilliance
Books
 c - a book of Maledictions

   Spells                             Type                      Level
   a - Corona                         Hexes                        1
   b - Ensorcelled Hibernation        Hexes/Ice                    2
   c - Confuse                        Hexes                        3
   d - Tukima's Dance                 Hexes                        3
   e - Dazzling Spray                 Conjuration/Hexes            3
Comestibles
 d - 2 bread rations
 w - 2 royal jellies
 z - 4 fruits


   Skills:
 + Level 6.3 Fighting
 * Level 11.7 Short Blades
 + Level 5.7 Armour
 * Level 14.9 Dodging
 * Level 16.2 Stealth
 * Level 12.9 Spellcasting
 + Level 9.9 Hexes
 + Level 3.9 Invocations
 + Level 5.1 Evocations


You had 22 spell levels left.
You knew the following spells:

 Your Spells              Type           Power        Failure   Level  Hunger
a - Corona                Hex            #####..      1%          1    None
b - Ensorcelled Hibernat  Hex/Ice        ####..       1%          2    None
c - Confuse               Hex            #####...     1%          3    None
d - Tukima's Dance        Hex            #####...     1%          3    None
e - Dazzling Spray        Conj/Hex       ####..       2%          3    None


Dungeon Overview and Level Annotations

Branches:
Dungeon (1/1)

Altars:
Cheibriados
Dithmenos
Elyvilon
Fedhas
Gozag
Hepliaklqana
Kikubaaqudgha
Makhleb
Nemelex Xobeh
Okawaru
Qazlal
Ru
Sif Muna
Trog
Uskayaw
Vehumet
Wu Jian
Xom
Yredelemnul
Zin
The Shining One
Beogh
Jiyva
Lugonu

Shops:
D }?:[!=:=!*(}[[%(

Annotations:
D exclusions: 2 doors, kobold demonologist and oklob plant, Kirke, Roxanne


Innate Abilities, Weirdness & Mutations

You are very small and have problems with some larger weapons.
You are too small for most types of armour.
You have supernaturally acute eyesight. (SInv)
You are a herbivore.
You cover ground extremely quickly.
You need consume almost no food.
You are clumsy. (Dex -2)
Your body sometimes deteriorates upon taking damage.


Message History

The tentacle completely misses you. x2; The kraken completely misses you.
You catch the helpless tentacle completely off-guard!
You stick the tentacle like a pincushion!!!
You kill the tentacle!
Unknown command.
Casting: Dazzling Spray
Confirm with . or Enter, or press ? or * to list all spells.
Aiming: Dazzling Spray
Press: ? - help, Shift-Dir - straight line, f/p - kraken
Aim: a kraken (water, moderately wounded, umbra)
The spray of energy hits the kraken.
The kraken is moderately wounded.
The spray of energy hits the tentacle.
The tentacle is moderately wounded.
The spray of energy misses the tentacle.
The tentacle slaps you!
* * * LOW HITPOINT WARNING * * *
The kraken completely misses you. The tentacle barely misses you.
The tentacle slaps you!
You die...

.##.#[)▓..(...).▓▓,,,*,*,+≈,,≈+,*
...####▓...)....▓▓,,,*,*,+≈,,≈+,*
#..##.#▓...).[..▓▓,,,*,*,+≈,,≈+,*
+..#..#▓.).).%)%▓▓,,,*,*,+≈,,≈+,*
#..#..#▓))..)(.?▓▓,⌠,*,*,*≈,,≈*,*
#^^##)#▓......()▓▓,,,*,*,*≈,,≈*,*
##...##▓▓▓▓▓▓▓'▓▓▓▓+▓*,***≈,,≈***
.≈≈≈≈≈≈≈≈≈≈≈≈≈...ww≈▓,,,,,,,,**
.≈#+########+###@X≈≈▓,,,,,,,**
.≈#.._.....#≈≈§##w≈≈▓,,,,,,**
.≈#._._....#≈≈§§*###▓****≈**
§§#_._._...#≈≈§§≈**,,*,,*≈*
≈≈#._._._..#≈≈≈§≈≈*,,*,,*≈*
≈≈#_._._._.#§≈≈≈≈≈+,,+,,*≈*
≈≈#._._._._#§t§§≈≈*,,*,,*≈*
≈≈#_._._._.#≈§≈≈≈≈*,,*,,*≈*
≈≈#..._._._#≈≈§≈*********≈*


You could see a kraken and 3 tentacles.

Vanquished Creatures
  A deep elf master archer (D)
  A death yak (D)
  2 unseen horrors (D)
  A yaktaur (D)
  2 tyrant leeches (D)
  3 polar bears (D)
  A hornet (D)
  3 yaks (D)
  4 neqoxecs (D)
  4 necrophages (D)
  A crocodile (D)
  A hell rat (D)
  4 worker ants (D)
  7 tentacles (D)
35 creatures vanquished.

Vanquished Creatures (others)
  Menkaure (D)
  A swamp drake (D)
  A crocodile (D)
  22 tentacles (D)
25 creatures vanquished.

Grand Total: 60 creatures vanquished

Notes
Turn   | Place    | Note
-------+----------+-------------------------------------------
     0 | D        | Kidiri the Spriggan Enchanter began the quest for the Orb.
     0 | D        | Reached XP level 1. HP: 9/9 MP: 5/5
     1 | D        | Noticed a tyrant leech
     1 | D        | Noticed a tyrant leech
     5 | D        | Noticed a neqoxec
     9 | D        | Noticed a necrophage
     9 | D        | Noticed a necrophage
     9 | D        | Noticed a necrophage
     9 | D        | Noticed a necrophage
    31 | D        | Killed a necrophage
    31 | D        | Reached skill level 1 in Fighting
    31 | D        | Reached skill level 1 in Armour
    31 | D        | Reached skill level 5 in Dodging
    31 | D        | Reached skill level 7 in Stealth
    31 | D        | Reached skill level 5 in Spellcasting
    31 | D        | Reached XP level 2. HP: 15/15 MP: 6/9
    31 | D        | Reached XP level 3. HP: 18/18 MP: 6/10
    31 | D        | Reached XP level 4. HP: 23/23 MP: 7/12
    32 | D        | Killed a crocodile
    38 | D        | Killed a necrophage
    38 | D        | Reached skill level 5 in Short Blades
    38 | D        | Reached skill level 8 in Stealth
    38 | D        | Reached skill level 5 in Hexes
    38 | D        | Reached XP level 5. HP: 26/26 MP: 7/14
    44 | D        | Killed a necrophage
    44 | D        | Reached skill level 9 in Stealth
    91 | D        | Killed a necrophage
    91 | D        | Reached skill level 10 in Stealth
    91 | D        | Reached XP level 6. HP: 4/32 MP: 15/17
   100 | D        | Learned a level 2 spell: Ensorcelled Hibernation
   104 | D        | Learned a level 3 spell: Confuse
   108 | D        | Learned a level 3 spell: Tukima's Dance
   112 | D        | Learned a level 3 spell: Dazzling Spray
   233 | D        | Killed Menkaure
   445 | D        | Killed a tyrant leech
   445 | D        | Reached skill level 10 in Dodging
   445 | D        | Reached skill level 11 in Stealth
   445 | D        | Reached XP level 7. HP: 37/37 MP: 16/20
   447 | D        | Killed a tyrant leech
   489 | D        | Killed a neqoxec
   489 | D        | Reached skill level 12 in Stealth
   491 | D        | Noticed a neqoxec
   492 | D        | Killed a neqoxec
   492 | D        | Reached XP level 8. HP: 42/42 MP: 18/22
   517 | D        | Gained mutation: You are clumsy. (Dex -2) [a neqoxec]
   519 | D        | Gained mutation: Your body sometimes deteriorates upon taking damage. [a neqoxec]
   664 | D        | Noticed an orange crystal statue
   667 | D        | Found Liys's Food Shoppe.
   667 | D        | Found Qibaesa's Antique Weapon Emporium.
   667 | D        | Noticed Kirke
   667 | D        | Noticed a skeletal warrior
   667 | D        | Noticed a kobold demonologist
   668 | D        | Reached skill level 10 in Spellcasting
   684 | D        | Noticed Roxanne
   692 | D        | Found Metick's Antique Armour Shoppe.
   694 | D        | Found Lagotea's Gadget Emporium.
   696 | D        | Found Kiuseuf's Assorted Antiques.
   697 | D        | Found Ponietit's Distillery.
   697 | D        | Found Nuen Gyth's Armour Emporium.
   705 | D        | Found Daofy's Weapon Shoppe.
   705 | D        | Found Goc Egg's Jewellery Emporium.
   706 | D        | Found Qaasemeq's Book Shoppe.
   706 | D        | Found Kopralue's Jewellery Emporium.
   711 | D        | Found Wuse's Distillery.
   711 | D        | Found Plog's Antique Armour Emporium.
   711 | D        | Noticed an oklob plant
   712 | D        | Found Atuuw's Magic Scroll Shoppe.
   712 | D        | Found Uproiw's Gadget Emporium.
   712 | D        | Found Osotisyo's Book Shoppe.
   713 | D        | Noticed an iron elemental
   739 | D        | Noticed an ice dragon
   747 | D        | Bought the ring "Quim" {rN+ Dex+6} for 475 gold pieces
   750 | D        | Bought an uncursed ring of stealth for 175 gold pieces
   750 | D        | Bought an uncursed ring of flight for 175 gold pieces
   786 | D        | Found a stormy altar of Qazlal.
   787 | D        | Found an ornate altar of the Wu Jian Council.
   791 | D        | Found a hazy altar of Hepliaklqana.
   791 | D        | Found a sacrificial altar of Ru.
   792 | D        | Found a roughly hewn altar of Beogh.
   792 | D        | Found a viscous altar of Jiyva.
   792 | D        | Found a deep blue altar of Sif Muna.
   793 | D        | Found a snail-covered altar of Cheibriados.
   793 | D        | Found an ancient bone altar of Kikubaaqudgha.
   793 | D        | Found a shimmering altar of Xom.
   793 | D        | Found a bloodstained altar of Trog.
   794 | D        | Found a glowing golden altar of the Shining One.
   794 | D        | Found a basalt altar of Yredelemnul.
   795 | D        | Found a shadowy altar of Dithmenos.
   795 | D        | Found a corrupted altar of Lugonu.
   796 | D        | Found a white marble altar of Elyvilon.
   796 | D        | Found a burning altar of Makhleb.
   797 | D        | Found a blossoming altar of Fedhas.
   799 | D        | Noticed a yaktaur
   799 | D        | Noticed a hornet
   799 | D        | Noticed a polar bear
   800 | D        | Found an opulent altar of Gozag.
   801 | D        | Noticed a polar bear
   808 | D        | Killed a polar bear
   808 | D        | Reached skill level 13 in Stealth
   810 | D        | Noticed a polar bear
   814 | D        | Killed a polar bear
   817 | D        | Killed a hornet
   817 | D        | Reached skill level 5 in Fighting
   817 | D        | Reached XP level 9. HP: 35/47 MP: 15/24
   821 | D        | Killed a yaktaur
   824 | D        | Killed a polar bear
   824 | D        | Reached skill level 10 in Short Blades
   824 | D        | Reached skill level 14 in Stealth
   837 | D        | Found a hide-covered altar of Uskayaw.
   837 | D        | Found a sparkling altar of Nemelex Xobeh.
   838 | D        | Found a glowing silver altar of Zin.
   838 | D        | Found a radiant altar of Vehumet.
   838 | D        | Found an iron altar of Okawaru.
   846 | D        | Became a worshipper of Dithmenos the Shadowed
   860 | D        | Noticed an unseen horror
   861 | D        | Noticed an unseen horror
   862 | D        | Killed an unseen horror
   862 | D        | Reached skill level 1 in Invocations
   864 | D        | Killed an unseen horror
   864 | D        | Reached skill level 5 in Armour
   874 | D        | Reached * piety under Dithmenos
   874 | D        | Reached skill level 15 in Stealth
   878 | D        | Reached XP level 10. HP: 31/53 MP: 8/27
   889 | D        | Noticed a deep elf master archer
   892 | D        | Noticed a death yak
   894 | D        | Killed a death yak
   894 | D        | Reached ** piety under Dithmenos
  1370 | D        | Killed a deep elf master archer
  1370 | D        | Reached skill level 16 in Stealth
  1370 | D        | Reached skill level 5 in Evocations
  1592 | D        | Noticed a death drake
  1709 | D        | Noticed a kraken
  2742 | D        | Slain by a tentacle

Vault maps used:
D:        the_violet_keep_of_menkaure

Skill      XL: |  1  2  3  4  5  6  7  8  9 10 |
---------------+-------------------------------+-----
Fighting       | 1 2 3 4 5 6 |  6.3
Short Blades   | 3 5 6 7 8 9 10 11 | 11.7
Armour         | 1 2 3 4 5 |  5.7
Dodging        | 5 7 8 10 11 12 13 14 | 14.9
Stealth        | 7 8 10 11 12 13 15 16 | 16.2
Spellcasting   | 5 6 7 8 9 10 12 | 12.9
Hexes          | 4 5 6 7 8 9 |  9.9
Invocations    | 2 3 |  3.9
Evocations     | 3 5 |  5.1

Action                   |  1- 3 |  4- 6 |  7- 9 | 10-12 || total
-------------------------+-------+-------+-------+-------++-------
Melee: Dagger            |     8 |    62 |    27 |    25 ||   122
 Cast: Ensorcelled Hiber |       |     2 |    13 |    13 ||    28
       Confuse           |       |     1 |     4 |    18 ||    23
       Dazzling Spray    |       |       |     2 |    26 ||    28
 Abil: Evoke Flight      |       |       |       |     1 ||     1
  Use: Potion            |     1 |     2 |       |       ||     3
       Scroll            |       |       |       |     7 ||     7
 Stab: Sleeping          |       |     5 |    11 |     1 ||    17
       Confused          |       |       |     5 |       ||     5
       Invisible         |       |       |     2 |    10 ||    12
Armor: Robe              |       |     3 |       |       ||     3
Dodge: Dodged            |     5 |    35 |    16 |    76 ||   132
